 Dungeon Crawl Stone Soup version 0.32-a0-791-gfc315c9ecd (webtiles) character file.

Game seed: 4279347075154627377

6561 backslashecho the Carver (level 11, -16/106 HPs)
             Began as an Octopode Berserker on Mar 20, 2024.
             Was a High Priest of Trog.
             Demolished by a two-headed ogre
             ... wielding a +0 giant club
              (21 damage)
             ... on level 9 of the Dungeon.
             The game lasted 00:18:54 (8349 turns).

backslashecho the Carver (Octopode Berserker)       Turns: 8349, Time: 00:18:55

Health: -16/106    AC:  3    Str: 17    XL:     11   Next: 1%
Magic:  11/11      EV: 20    Int:  9    God:    Trog [*****.]
Gold:   480        SH:  7    Dex: 28    Spells: 10/10 levels left

rFire   . . .        a - +4 long sword
rCold   + . .        k - +0 buckler
rNeg    . . .        t - +2 hat
rPois   .            y - amulet of faith
rElec   .            b - +6 ring of dexterity
rCorr   .            n - +6 ring of dexterity
SInv    .            p - ring of protection from cold
Will    ++...        (no ring) Stlth
                     (no ring)
HPRegen 1.37/turn    (no ring)
MPRegen 0.12/turn    (no ring)
                     (no ring)

%: faith
@: berserking, strong-willed, regenerating, very quick
A: almost no armour, amphibious, 8 rings, camouflage 1, gelatinous body 1,
(nimble swimmer 1), tentacles
a: Renounce Religion, Berserk, Trog's Hand, Brothers in Arms


You were on level 9 of the Dungeon.
You worshipped Trog.
Trog was extremely pleased with you.
You visited 1 branch of the dungeon, and saw 9 of its levels.

You collected 480 gold pieces.

Inventory:

Hand Weapons
 a - a +4 long sword (weapon)
 d - a +0 scimitar
Missiles
 c - 21 poisoned darts (quivered)
Armour
 k - a +0 buckler (worn)
 t - a +2 hat (worn)
Jewellery
 b - a +6 ring of dexterity (left tentacle)
 n - a +6 ring of dexterity (right tentacle)
 p - a ring of protection from cold (on tentacle)
 y - an amulet of faith (around mantle)
 D - the ring "Yziy" {*Corrode Fly rN+ Dex+2}
   (You found it on level 9 of the Dungeon)

   [ring of flight]

   Dex+2:     It affects your dexterity (+2).
   rN+:       It protects you from negative energy.
   Fly:       It grants you flight.
   *Corrode:  It may corrode you when you take damage.
Wands
 q - a wand of warping (18)
 z - a wand of flame (29)
Scrolls
 e - 2 scrolls of poison {unknown}
 g - a scroll of blinking {unknown}
 h - 2 scrolls of fog {unknown}
 j - 3 scrolls of enchant armour {unknown}
 m - a scroll of revelation {unknown}
 o - 2 scrolls of teleportation {unknown}
 u - a scroll of immolation {unknown}
 v - a scroll of fear {unknown}
 w - 2 scrolls of summoning {unknown}
 A - 2 scrolls of noise {unknown}
 B - a scroll of identify
Potions
 f - 2 potions of berserk rage
 i - 2 potions of attraction
 l - 2 potions of curing
 r - a potion of haste
 s - a potion of lignification
 x - 2 potions of heal wounds
 C - a potion of ambrosia {unknown}


   Skills:
 - Level 5.0 Fighting
 * Level 12.0 Long Blades
 + Level 8.8 Dodging
 + Level 7.0 Shields


You had 10 spell levels left.
You didn't know any spells.
Your spell library was empty.

Dungeon Overview and Level Annotations

Branches:
Dungeon (9/15)             Temple (0/1) D:7            Lair (0/5) D:8
    Orc: D:9-12

Altars:
Fedhas
Okawaru

Shops:
D:9 !**

Annotations:
D:7 exclusion: steam dragon


Innate Abilities, Weirdness & Mutations

You cannot wear most types of armour.
You are amphibious.
You can wear up to eight rings at the same time.
Your skin changes colour to match your surroundings (Stealth+).
Your rubbery body absorbs attacks. (AC +1, EV +1)
((You are camouflaged when in or above water. (Stealth+)))
You have tentacles for arms and can constrict up to eight enemies at once.


Message History

You enter the deep water.
Found a ring mail.
Found an iron altar of Okawaru.
Found a dagger.
Okay, then.
Unknown command.
You have 4 tentacles available for constriction.
Your movement speed is average.
Your attack delay is about 0.8.
Your damage rating with your +4 long sword is about 23 (Base 10 x 145% (Dex) x 133% (Skill) + 4 (Ench)).
Your base attributes are Str 17, Int 9, Dex 16.
You enter the deep water.
You now have 480 gold pieces (gained 17).
C - a sapphire potion An orc comes into view.
It is wielding a +0 dagger.
The orc moves out of view.
D - the ring "Yziy" {*Corrode Fly rN+ Dex+2} 2 orcs come into view.
Unknown command.
A two-headed ogre, an orc wizard and a shadow come into view.
Found Raguma's Distillery.
The shadow moves out of view.
There is an open door here.
The orc shouts!
You hear a shout! x3
You closely miss the orc. You grab the orc. You constrict the orc!
You kill the orc!
Trog accepts your kill.
You slash the orc!
You kill the orc!
Trog accepts your kill.
No target in view!
The orc barely misses you.
The orc wizard points at you and mumbles some strange words.
You are confused.
There is an open door here.
Items here: )) [ †.
Okay, then.
You bump into the rock wall.
The orc closely misses you. The orc barely misses you.
You feel less confused.
The orc wizard hits you with a +0 dagger.
You take 1 damage, and have 65/66 hp.
Your skin crawls.
You feel strong-willed.
The shadow slips into darkness.
The shadow flickers and vanishes!
Deactivating autopickup; reactivate with Ctrl-A.
You block the orc wizard's attack.
Health restored: 66 The orc wizard misses you.
The shadow strikes at you from the darkness!
Reactivating autopickup.
The shadow slips into darkness.
The shadow flickers and vanishes!
Deactivating autopickup; reactivate with Ctrl-A.
You take 28 damage, and have 38/66 hp.
MASSIVE DAMAGE!!
The orc wizard attacks as it pursues you!
The orc wizard hits you with a +0 dagger.
The shadow strikes at you from the darkness!
Reactivating autopickup.
You take 4 damage, and have 35/66 hp.
You hit the shadow.
The shadow is lightly damaged.
The shadow slips into darkness.
The shadow flickers and vanishes!
Deactivating autopickup; reactivate with Ctrl-A.
You slash something!
The shadow strikes at you from the darkness!
* * * LOW HITPOINT WARNING * * *
Reactivating autopickup.
You take 18 damage, and have 18/66 hp.
MASSIVE DAMAGE!!
Okay, then.
Unknown command.
A red film seems to cover your vision as you go berserk!
You feel yourself moving faster!
You feel mighty! The shadow closely misses you.
The orc wizard mumbles some strange words.
The orc wizard flickers and vanishes!
Deactivating autopickup; reactivate with Ctrl-A.
You now have 29/99 hp.
You slice the shadow!!
You destroy the shadow!
Trog accepts your kill.
Your Long Blades skill increases to level 12!
You have reached level 11!
You regained 3 hp, and now have 32/106 hp.
MP restored: 11 Something barely misses you.
You slash something! You slash something! Trog accepts your kill.
Trog appreciates your killing of a magic user.
Reactivating autopickup.
You feel a bit more experienced. The orc misses you.
You slash the two-headed ogre!
The two-headed ogre is lightly wounded.
The orc barely misses you.
You slash the two-headed ogre!
The two-headed ogre is moderately wounded.
The two-headed ogre hits you with a +0 giant club!!
* * * LOW HITPOINT WARNING * * *
The two-headed ogre hits you with a +0 giant club!!
You die...

....... .....∩. .
......W .. .......
... .......##### ....
.....o.#...# .....
.......#...####......
.......)...O@.'......
.......#..o####......
.......#...# ).....
####..##...# ......
#.# #...### #.#### #.
#.....###.# #
###...#.##..#######
....................
#####.≈≈≈≈≈≈≈≈≈.####


You could see a two-headed ogre and an orc.

Vanquished Creatures
  Pikel (D:8)
  A troll (D:5)
  A hornet (D:5)
  A shadow (D:9)
  4 yaks (D:8)
  3 wyverns (D:8)
  A steam dragon (D:7)
  3 water moccasins
  An ice beast (D:5)
  4 orc warriors
  2 sky beasts (D:7)
  A black bear (D:6)
  3 ogres (D:5)
  3 centaurs
  2 phantoms
  3 lemures (D:8)
  2 kobold brigands (D:8)
  2 bullfrogs
  A water moccasin zombie (D:6)
  2 scorpions
  5 wights (D:6)
  10 killer bees
  2 howler monkeys
  A centaur zombie (D:6)
  3 bullfrog zombies (D:6)
  4 hounds
  A bombardier beetle (D:4)
  2 jellies
  A gnoll bouda (D:4)
  10 orc priests
  2 bullfrog skeletons (D:6)
  A sleepcap (D:5)
  3 iguanas
  13 orc wizards
  Terence (D:3)
  2 killer bee zombies (D:6)
  A howler monkey zombie (D:6)
  8 gnolls
  5 adders
  A shadow imp (D:7)
  A white imp (D:6)
  2 ufetubi (D:5)
  3 dart slugs
  3 ribbon worms
  39 orcs
  9 ball pythons
  10 endoplasms
  4 giant cockroaches
  5 goblins
  12 hobgoblins
  8 jackals (D:1)
  15 kobolds
  A quokka (D:1)
  7 bats
  3 frilled lizards
  3 rats
242 creatures vanquished.

Notes
Turn   | Place    | Note
-------+----------+-------------------------------------------
     0 | D:1      | backslashecho the Octopode Berserker began the quest for
                  | the Orb.
     0 | D:1      | Reached XP level 1. HP: 16/16 MP: 1/1
    71 | D:1      | Reached XP level 2. HP: 18/21 MP: 2/2
   222 | D:1      | Reached ** piety under Trog
   256 | D:1      | Reached XP level 3. HP: 22/26 MP: 3/3
  1005 | D:2      | Found a blossoming altar of Fedhas.
  1045 | D:2      | Reached skill level 4 in Long Blades
  1045 | D:2      | Reached XP level 4. HP: 29/31 MP: 4/4
  1720 | D:3      | Noticed Terence
  1729 | D:3      | Killed Terence
  1859 | D:3      | Found a faded altar of an unknown god.
  1864 | D:3      | Reached *** piety under Trog
  2372 | D:4      | Reached XP level 5. HP: 37/37 MP: 5/5
  2495 | D:4      | Reached skill level 5 in Long Blades
  2515 | D:4      | Reached XP level 6. HP: 42/43 MP: 6/6
  2602 | D:4      | You fall into a shaft and drop 2 floors!
  2621 | D:6      | Noticed a water moccasin
  2632 | D:6      | Killed a water moccasin
  2634 | D:6      | Reached XP level 7. HP: 32/49 MP: 7/7
  2642 | D:6      | Reached skill level 6 in Long Blades
  2665 | D:7      | Reached skill level 5 in Fighting
  2665 | D:7      | Reached skill level 5 in Dodging
  2907 | D:7      | Noticed a steam dragon
  2919 | D:7      | Killed a steam dragon
  2920 | D:7      | Reached skill level 7 in Long Blades
  2920 | D:7      | Reached skill level 1 in Shields
  2920 | D:7      | Reached XP level 8. HP: 41/55 MP: 8/8
  3241 | D:5      | Entered Level 5 of the Dungeon
  3975 | D:5      | Noticed a troll
  3990 | D:5      | Reached skill level 8 in Long Blades
  4127 | D:5      | Noticed a hornet
  4169 | D:5      | Reached XP level 9. HP: 61/61 MP: 9/9
  4306 | D:5      | Killed a troll
  4307 | D:5      | Reached skill level 9 in Long Blades
  4388 | D:5      | Killed a hornet
  4388 | D:5      | Reached **** piety under Trog
  5152 | D:6      | Reached skill level 5 in Shields
  5340 | D:6      | Reached skill level 10 in Long Blades
  5470 | D:6      | Reached XP level 10. HP: 66/66 MP: 10/10
  6299 | D:7      | Found a staircase to the Ecumenical Temple.
  6729 | D:8      | Found a staircase to the Lair.
  6816 | D:8      | Reached skill level 11 in Long Blades
  7136 | D:8      | Reached ***** piety under Trog
  7179 | D:8      | Noticed Pikel
  7241 | D:8      | Killed Pikel
  8250 | D:9      | Found Isous's Specific Store.
  8254 | D:9      | Found Ykif's General Store.
  8290 | D:9      | Found an iron altar of Okawaru.
  8313 | D:9      | Identified the ring "Yziy" {*Corrode Fly rN+ Dex+2}
  8317 | D:9      | Found Raguma's Distillery.
  8317 | D:9      | Noticed a two-headed ogre
  8345 | D:9      | Reached skill level 12 in Long Blades
  8345 | D:9      | Reached XP level 11. HP: 32/71 MP: 11/11
  8349 | D:9      | HP: 5/106 [two-headed ogre/+0 giant club (31)]
  8349 | D:9      | Demolished by a two-headed ogre

Illustrated notes

Levels and vault maps discovered:
D:1:      minmay_arrival_split_and_join, layout_basic
D:2:      kennysheep_six_static_rooms, layout_basic, basic_altar,
          guppyfry_early_lair_pool
D:3:      minmay_door_path, layout_basic,
          hellmonk_ecumenical_altar_slurped_away, uniq_terence
D:4:      layout_loops_cross
D:5:      kennysheep_big_flooded_room, layout_basic,
          serial_library_hellmonk_room_c, dreamdust_princess_bridge
D:6:      layout_basic, serial_undead, serial_undead_e, serial_undead_d,
          serial_undead_b, serial_undead_e, serial_undead_f, serial_undead_d,
          serial_undead_c
D:7:      layout_gridville, minmay_temple_entry_hall, minmay_misc_feat_room,
          kennysheep_small_circle
D:8:      layout_basic, minmay_lair_entry_grove, uniq_pikel
D:9:      layout_basic, mainiacjoe_overflow_brackets, serial_shops, shop,
          nicolae_specific_store

Skill      XL: |  1  2  3  4  5  6  7  8  9 10 |
---------------+-------------------------------+-----
Long Blades    | 4 5 7 8 10 12 | 12.0
Fighting       | 4 5 |  5.0
Dodging        | 4 5 6 7 8 |  8.8
Shields        | 1 3 5 7 |  7.0

Action                     |  1- 3 |  4- 6 |  7- 9 | 10-12 || total
---------------------------+-------+-------+-------+-------++-------
  Melee: Falchion          |    57 |    78 |   188 |       ||   323
         Constrict         |    18 |    30 |    36 |    40 ||   124
         Tentacles         |    12 |    19 |    41 |    56 ||   128
         Long sword        |       |       |     2 |   164 ||   166
  Throw: Dart              |       |       |    13 |     4 ||    17
 Invoke: Berserk           |       |     2 |     4 |     2 ||     8
         Trog's Hand       |       |     1 |     1 |     1 ||     3
  Evoke: Wand              |       |       |    10 |     6 ||    16
    Use: Scroll            |       |       |     3 |     5 ||     8
         Potion            |       |       |     1 |       ||     1
   Stab: Sleeping          |     5 |     9 |     3 |     2 ||    19
         Distracted        |     2 |       |       |     2 ||     4
 Armour: Skin              |    30 |    33 |    62 |    41 ||   166
  Dodge: Dodged            |    47 |    44 |   128 |    83 ||   302
  Block: Buckler           |     2 |    26 |    51 |    40 ||   119

Table legend: (Time is in decaauts)
 A = Elapsed time spent in this place.
 B = Non-inter-level travel time spent in this place.
 C = Inter-level travel time spent in this place.
 D = Time resting spent in this place.
 E = Time spent auto-exploring this place.
 F = Levels seen in this place.
 G = Mean time per level.
                   A        B        C        D        E       F      G
               +--------+--------+--------+--------+--------+-----+--------+
         Total |   8403 |   7814 |    589 |    613 |   5209 |   9 |  933.7 |
       Dungeon |   8403 |   7814 |    589 |    613 |   5209 |   9 |  933.7 |
               +--------+--------+--------+--------+--------+-----+--------+

Top non-repeatable levels by time:
     D:7: 1507 daAuts
     D:5: 1259 daAuts
     D:8: 1220 daAuts
     D:6: 970 daAuts
     D:3: 889 daAuts
     D:4: 818 daAuts
     D:2: 760 daAuts
     D:1: 732 daAuts
     D:9: 244 daAuts
